 Dungeon Crawl Stone Soup version 0.27.0-1-g7a089689b8 (webtiles) character file.

Game seed: 5946683900386486800

2065 Mrcawl the Cruncher (level 9, 0/66 HPs)
             Began as a Demonspawn Gladiator on Aug 8, 2021.
             Succumbed to a gnoll's poison
             ... on level 6 of the Dungeon.
             The game lasted 00:09:49 (8481 turns).

Mrcawl the Cruncher (Demonspawn Gladiator)          Turns: 8481, Time: 00:09:50

Health: 0/66       AC: 11    Str: 18    XL:     9   Next: 5%
Magic:  18/18      EV: 11    Int:  9    God:
Gold:   273        SH:  0    Dex: 15    Spells: 8/8 levels left

rFire    . . .     SeeInvis .   a - +0 quarterstaff (drain)
rCold    + . .     Faith    .   (shield currently unavailable)
rNeg     . . .     Spirit   .   g - +0 scale mail
rPois    .         Reflect  .   c - +1 helmet
rElec    .         Harm     .   (no cloak)
rCorr    .         Rampage  .   (no gloves)
Will     .....                  (no boots)
Stlth    ..........             (no amulet)
HPRegen  0.21/turn              k - ring of protection from cold
MPRegen  0.16/turn              f - ring of magical power

@: brilliant, lethally poisoned (0 -> -2), flying
A: molten scales 1, ignite blood 1, powered by pain 1
a: no special abilities


You were on level 6 of the Dungeon.
You visited 1 branch of the dungeon, and saw 6 of its levels.

You collected 273 gold pieces.

Inventory:

Hand Weapons
 a - a +0 quarterstaff of draining (weapon)
Missiles
 d - 3 throwing nets (quivered)
 h - 2 silver javelins
Armour
 b - a +0 leather armour
 c - a +1 helmet (worn)
 g - a +0 scale mail (worn)
Jewellery
 f - a ring of magical power (right hand)
 k - a ring of protection from cold (left hand)
Wands
 j - a wand of mindburst (6)
Scrolls
 e - a scroll of magic mapping
 i - 3 scrolls of identify
 m - 2 scrolls of fear {unknown}
Potions
 l - a potion of flight


   Skills:
 + Level 4.3 Fighting
 * Level 9.1 Staves
 - Level 1.7 Throwing
 + Level 4.3 Armour
 + Level 4.1 Dodging


You had 8 spell levels left.
You didn't know any spells.
Your spell library contained the following spells:

 Spells                   Type           Power      Damage    Failure   Level
 Apportation              Tloc           0%         N/A       77%         1
 Summon Small Mammal      Summ           0%         N/A       77%         1
 Call Canine Familiar     Summ           0%         N/A       98%         3
 Summon Guardian Golem    Hex/Summ       0%         N/A       98%         3
 Alistair's Intoxication  Tmut/Pois      0%         N/A       100%        5
 Invisibility             Hex            0%         N/A       100%        6


Dungeon Overview and Level Annotations

Branches:
Dungeon (6/15)
 Temple: D:4-7

Altars:
Ashenzari
Hepliaklqana
Xom
Yredelemnul
The Shining One

Shops:
D:4 =*


Innate Abilities, Weirdness & Mutations

You are partially covered in molten scales. (AC +2)
Your demonic aura sometimes causes spilled blood to erupt in flames.
You sometimes gain a little power by taking damage.


Message History

The gnoll hits you with a +2 whip of venom.
You are poisoned.
The gnoll barely misses you.
You barely miss the gnoll.
The gnoll is severely wounded.
You feel very sick. The gnoll hits you but does no damage.
You are more poisoned.
The gnoll hits you with a +0 halberd.
You closely miss the gnoll.
The gnoll is severely wounded.
You feel very sick. The gnoll closely misses you. x2
You feel very sick.
The gnoll hits you from afar with a +0 halberd.
* * * LOW HITPOINT WARNING * * *
Items here: ) [[ †.
You feel very sick.
Things that are here:
a +0 halberd; 17 gold pieces; a gnoll corpse You feel sick.
You feel sick.
You feel sick.
It was a potion of flight.
You feel very buoyant.
You fly up into the air.
You feel sick. The gnoll hits you but does no damage.
You are lethally poisoned!
It was a potion of brilliance.
You feel clever all of a sudden.
* * * LOW HITPOINT WARNING * * *
You feel sick. The gnoll barely misses you. The gnoll completely misses you.
* * * LOW HITPOINT WARNING * * *
You feel sick.
* * * LOW HITPOINT WARNING * * *
You feel sick.
* * * LOW HITPOINT WARNING * * *
You feel sick.
* * * LOW HITPOINT WARNING * * *
You feel sick.
You die...

#.# #.# #.# #.# #.#
#.# ## #.# .#
#.#############.#####
#...@.g.g...)))......
###############.#####
... ####


You could see 2 gnolls.

Vanquished Creatures
  Prince Ribbit (D:6)
  A water moccasin (D:5)
  2 sky beasts
  2 ogres
  A phantom (D:5)
  2 kobold brigands
  A gnoll sergeant (D:6)
  A bullfrog (D:6)
  4 scorpions
  A wyvern zombie (D:4)
  2 hounds
  2 orc priests (D:5)
  2 centaur skeletons (D:5)
  2 gnoll shamans (D:5)
  3 iguanas
  2 orc wizards (D:4)
  16 gnolls
  10 adders
  2 white imps
  An adder skeleton (D:4)
  3 worms
  A dart slug (D:1)
  13 orcs
  3 endoplasms
  7 goblins
  12 hobgoblins
  2 jackals (D:1)
  51 kobolds
  A quokka (D:4)
  11 ball pythons
  8 bats
  2 frilled lizards (D:1)
  11 rats
183 creatures vanquished.

Vanquished Creatures (others)
  3 fungi (D:3)
3 creatures vanquished.

Grand Total: 186 creatures vanquished

Notes
Turn   | Place    | Note
-------+----------+-------------------------------------------
     0 | D:1      | Mrcawl the Demonspawn Gladiator began the quest for the
                  | Orb.
     0 | D:1      | Reached XP level 1. HP: 16/16 MP: 1/1
   324 | D:1      | Reached skill level 3 in Staves
   324 | D:1      | Gained mutation: Your demonic aura sometimes causes spilled
                  | blood to erupt in flames. [demonic ancestry]
   324 | D:1      | Reached XP level 2. HP: 21/22 MP: 2/2
   949 | D:1      | Reached XP level 3. HP: 26/27 MP: 3/3
  1568 | D:2      | Found a broken altar of Ashenzari.
  1923 | D:2      | Gained mutation: You sometimes gain a little power by
                  | taking damage. [demonic ancestry]
  1923 | D:2      | Reached XP level 4. HP: 31/34 MP: 4/4
  2206 | D:3      | Reached skill level 4 in Staves
  2350 | D:3      | Found a shimmering altar of Xom.
  2392 | D:3      | Noticed a sky beast
  2408 | D:3      | Killed a sky beast
  2409 | D:3      | Reached skill level 1 in Armour
  2409 | D:3      | Reached XP level 5. HP: 14/39 MP: 5/5
  3321 | D:4      | Reached skill level 5 in Staves
  3321 | D:4      | Reached XP level 6. HP: 46/46 MP: 6/6
  3332 | D:4      | Found Oxzor's General Store.
  3656 | D:4      | Found a hazy altar of Hepliaklqana.
  4051 | D:4      | Found a basalt altar of Yredelemnul.
  4110 | D:4      | Found Nytz's Jewellery Shop.
  4260 | D:5      | Entered Level 5 of the Dungeon
  4388 | D:5      | Gained mutation: You are partially covered in molten
                  | scales. (AC +2) [demonic ancestry]
  4388 | D:5      | Reached XP level 7. HP: 44/52 MP: 7/7
  4418 | D:5      | Reached skill level 6 in Staves
  4694 | D:5      | HP: 2/52 [gnoll (2)]
  5741 | D:5      | Reached skill level 7 in Staves
  5750 | D:5      | Reached XP level 8. HP: 8/59 MP: 8/8
  7152 | D:6      | Noticed Prince Ribbit
  7194 | D:6      | Killed Prince Ribbit
  7195 | D:6      | Reached skill level 8 in Staves
  7985 | D:6      | Reached skill level 9 in Staves
  8075 | D:6      | Found a broken altar of Ashenzari.
  8420 | D:6      | Reached XP level 9. HP: 64/66 MP: 9/9
  8478 | D:6      | HP: 3/66 [poisoned by a gnoll]
  8480 | D:6      | HP: 1/66 [poisoned by a gnoll]
  8481 | D:6      | Succumbed to a gnoll's poison

Illustrated notes

Levels and vault maps discovered:
D:1:      minmay_arrival_plants_in_alcoves, layout_basic, st_stairs_7
D:2:      layout_rooms, basic_altar, grunt_decor_fettered
D:3:      layout_loops_ring, mainiacjoe_overflow_boulevard,
          kennysheep_pointless_box, minmay_misc_feat_rugged
D:4:      layout_loops_cross, mainiacjoe_overflow_large_starburst, serial_shops,
          shop, shop, grunt_decor_one_mirror
D:5:      minmay_goblin_kobold_castle, layout_gridville, serial_rivers,
          chequers_serial_rivers_large_a, chequers_serial_rivers_micro_b,
          chequers_serial_rivers_room_b, chequers_serial_rivers_micro_b,
          portal_sewer_entry_b
D:6:      layout_basic, mainiacjoe_overflow_catwalk, lemuel_tele_altar,
          uniq_prince_ribbit1

Skill      XL: |  1  2  3  4  5  6  7  8 |
---------------+-------------------------+-----
Staves         | 3 4 5 7 9 |  9.1
Dodging        | 3 4 |  4.1
Armour         | 1 2 3 4 |  4.3
Fighting       | 3 4 |  4.3
Throwing       | |  1.7

Action                   |  1- 3 |  4- 6 |  7- 9 || total
-------------------------+-------+-------+-------++-------
Melee: Quarterstaff      |   120 |   142 |   327 ||   589
  Use: Scroll            |     4 |     2 |     2 ||     8
       Potion            |     2 |     1 |     4 ||     7
Armor: Leather armour    |    28 |       |       ||    28
       Scale mail        |    23 |    57 |   156 ||   236
       Skin              |       |       |    14 ||    14
Dodge: Dodged            |    77 |    82 |   191 ||   350
